 Dungeon Crawl Stone Soup version 0.30-a0-989-g0d87f670db (webtiles) character file.

Game seed: 12761466187873389648

1925 mandoloar the Shield-Bearer (level 9, -1/74 HPs)
             Began as a Gnoll Fighter on Apr 3, 2023.
             Slain by a troll (7 damage)
             ... on level 6 of the Dungeon.
             The game lasted 00:17:51 (7739 turns).

mandoloar the Shield-Bearer (Gnoll Fighter)         Turns: 7739, Time: 00:17:52

Health: -1/74      AC:  9    Str: 19    XL:     9   Next: 17%
Magic:  15/15      EV: 12    Int:  7    God:
Gold:   246        SH: 12    Dex: 19    Spells: 16/16 levels left

rFire   . . .      SeeInvis .    a - +0 war axe
rCold   . . .      Faith    .    c - +0 buckler
rNeg    . . .      Spirit   .    j - +0 scale mail
rPois   .          Reflect  +    f - +0 helmet
rElec   .          Rampage  .    (no cloak)
rCorr   +                        (no gloves)
Will    .....                    (no boots)
Stlth   ++                       r - amulet of reflection
HPRegen 0.32/turn                l - ring of resist corrosion
MPRegen 0.14/turn                p - +6 ring of dexterity

@: no status effects
A: fangs 1, strong nose, distributed training
a: no special abilities


You were on level 6 of the Dungeon.
You visited 2 branches of the dungeon, and saw 7 of its levels.

You collected 246 gold pieces.

Inventory:

Hand Weapons
 a - a +0 war axe (weapon)
 b - a +0 flail
Missiles
 t - a javelin
 v - 17 stones (quivered)
Armour
 c - a +0 buckler (worn)
 d - a +0 kite shield
 f - a +0 helmet (worn)
 j - a +0 scale mail (worn)
Jewellery
 l - a ring of resist corrosion (left hand)
 p - a +6 ring of dexterity (right hand)
 r - an amulet of reflection (around neck)
Wands
 q - a wand of polymorph (5)
Scrolls
 g - a scroll of teleportation
 o - a scroll of blinking
 s - 4 scrolls of identify
 u - a scroll of enchant armour {unknown}
 w - a scroll of fog {unknown}
Potions
 e - a potion of lignification {unknown}
 h - a potion of flight {unknown}
 i - 2 potions of curing
 k - 3 potions of attraction {unknown}
 m - 3 potions of heal wounds {unknown}
 n - a potion of brilliance {unknown}


   Skills:
 + Level 7.8 Fighting
 + Level 4.1 Short Blades
 + Level 4.1 Long Blades
 + Level 6.2 Axes
 + Level 4.1 Maces & Flails
 + Level 4.1 Polearms
 + Level 4.1 Staves
 + Level 4.1 Ranged Weapons
 + Level 4.1 Throwing
 + Level 7.8 Armour
 + Level 4.1 Dodging
 + Level 4.1 Stealth
 + Level 7.8 Shields
 + Level 4.1 Unarmed Combat
 + Level 4.1 Spellcasting
 + Level 3.4 Conjurations
 + Level 3.4 Hexes
 + Level 3.4 Summonings
 + Level 3.4 Necromancy
 + Level 3.4 Translocations
 + Level 3.4 Transmutations
 + Level 3.4 Fire Magic
 + Level 3.4 Ice Magic
 + Level 3.4 Air Magic
 + Level 3.4 Earth Magic
 + Level 3.4 Poison Magic
 + Level 4.5 Invocations
 + Level 4.1 Evocations


You had 16 spell levels left.
You didn't know any spells.
Your spell library contained the following spells:

 Spells                   Type           Power      Damage    Failure   Level
 Slow                     Hex            24%        N/A       26%         1
 Blink                    Tloc           12%        N/A       36%         2
 Lesser Beckoning         Tloc           12%        N/A       36%         2
 Momentum Strike          Conj/Tloc      12%        3d8       36%         2
 Confusing Touch          Hex            6%         N/A       58%         3
 Inner Flame              Hex/Fire       6%         N/A       58%         3
 Portal Projectile        Hex/Tloc       12%        N/A       58%         3
 Tukima's Dance           Hex            6%         N/A       58%         3
 Vampiric Draining        Necr           6%         2d6       58%         3
 Cause Fear               Hex            3%         N/A       94%         4
 Blade Hands              Tmut           3%         N/A       100%        5
 Discord                  Hex            3%         N/A       100%        8


Dungeon Overview and Level Annotations

Branches:
Dungeon (6/15)             Temple (1/1) D:4

Altars:
Ashenzari
Cheibriados
Dithmenos
Elyvilon
Fedhas
Gozag
Hepliaklqana
Kikubaaqudgha
Makhleb
Nemelex Xobeh
Okawaru
Qazlal
Ru
Sif Muna
Trog
Uskayaw
Vehumet
Wu Jian
Xom
Yredelemnul
Zin

Shops:
D:4 =   D:6 ((


Innate Abilities, Weirdness & Mutations

You have very sharp teeth.
Your uncanny sense of smell can sniff out nearby items.
Your experience applies equally to all skills.


Message History

v - 18 stones (gained 7)
A troll comes into view.
A troll is nearby!
Okay, then.
You start waiting.
Done waiting.
The troll shouts!
b - a +0 flail (weapon)
a - a +0 war axe (weapon)
You throw a stone. The stone barely misses the troll.
You barely miss the troll. You bite the troll, but do no damage.
You block the troll's attack. x2; The troll claws you.
The troll bites you! The troll misses you. The troll completely misses you.
You slash the troll!
The troll is moderately wounded.
The troll bites you but does no damage. The troll claws you but does no damage.
The troll misses you.
You hit the troll but do no damage.
The troll is moderately wounded.
The troll bites you but does no damage. The troll claws you.
The troll claws you!
You hit the troll.
The troll is moderately wounded.
The troll bites you! The troll claws you but does no damage.
The troll claws you!
You slash the troll!
The troll is heavily wounded.
You block the troll's attack. The troll completely misses you.
The troll closely misses you.
You hit the troll.
The troll is heavily wounded.
The troll bites you!
* * * LOW HITPOINT WARNING * * *
The troll closely misses you. x2; The troll bites you!
* * * LOW HITPOINT WARNING * * *
You block the troll's attack. The troll misses you.
You slash the troll!
The troll is severely wounded.
You block the troll's attack. The troll claws you!
You die...

#.............# #...#
#.............# #...#
###+##.............# #...#
...................######..#
.......................#####
.......................# #
.......................# #
.......................# #
..$.......T@...........# #
....................#### #
....................# #
....................# #
....................# #
##################### #


You could see a troll.

Vanquished Creatures
  Grinder (D:5)
  Menkaure (D:4)
  A water moccasin (D:6)
  An ice beast (D:5)
  A sky beast (D:6)
  2 ogres
  An orc warrior (D:6)
  2 phantoms
  3 bullfrogs
  A scorpion (D:4)
  2 howler monkeys
  3 jellies
  3 iguanas
  2 gnoll boudas (D:4)
  3 orc wizards
  11 gnolls
  9 adders
  2 white imps
  An ufetubus (D:4)
  A worm (D:4)
  6 dart slugs
  10 orcs
  8 endoplasms
  A giant cockroach (D:4)
  6 goblins
  3 hobgoblins
  3 quokkas
  3 training dummies (D:6)
  12 ball pythons
  2 bats
  2 frilled lizards
  5 kobolds
  5 rats
117 creatures vanquished.

Notes
Turn   | Place    | Note
-------+----------+-------------------------------------------
     0 | D:1      | mandoloar the Gnoll Fighter began the quest for the Orb.
     0 | D:1      | Reached XP level 1. HP: 23/23 MP: 1/1
    74 | D:1      | Reached XP level 2. HP: 25/29 MP: 2/2
  1000 | D:2      | Reached XP level 3. HP: 34/35 MP: 3/3
  1134 | D:2      | Reached skill level 1 in Invocations
  1581 | D:2      | Reached skill level 1 in Short Blades
  1581 | D:2      | Reached skill level 1 in Long Blades
  1581 | D:2      | Reached skill level 1 in Maces & Flails
  1581 | D:2      | Reached skill level 1 in Polearms
  1581 | D:2      | Reached skill level 1 in Staves
  1581 | D:2      | Reached skill level 1 in Ranged Weapons
  1581 | D:2      | Reached skill level 1 in Throwing
  1581 | D:2      | Reached skill level 1 in Dodging
  1581 | D:2      | Reached skill level 1 in Stealth
  1581 | D:2      | Reached skill level 1 in Unarmed Combat
  1581 | D:2      | Reached skill level 1 in Spellcasting
  1581 | D:2      | Reached skill level 1 in Evocations
  1902 | D:3      | Noticed a bullfrog
  1923 | D:2      | Reached XP level 4. HP: 25/41 MP: 5/5
  2091 | D:3      | Killed a bullfrog
  2092 | D:3      | Reached skill level 1 in Conjurations
  2092 | D:3      | Reached skill level 1 in Hexes
  2092 | D:3      | Reached skill level 1 in Summonings
  2092 | D:3      | Reached skill level 1 in Necromancy
  2092 | D:3      | Reached skill level 1 in Translocations
  2092 | D:3      | Reached skill level 1 in Transmutations
  2092 | D:3      | Reached skill level 1 in Fire Magic
  2092 | D:3      | Reached skill level 1 in Ice Magic
  2092 | D:3      | Reached skill level 1 in Air Magic
  2092 | D:3      | Reached skill level 1 in Earth Magic
  2092 | D:3      | Reached skill level 1 in Poison Magic
  2092 | D:3      | Reached XP level 5. HP: 24/47 MP: 5/7
  2966 | D:4      | Found Tajet's Jewellery Shoppe.
  3116 | D:4      | Found a staircase to the Ecumenical Temple.
  3141 | D:4      | Noticed a phantom
  3163 | D:4      | Killed a phantom
  3164 | D:4      | Reached skill level 5 in Axes
  3164 | D:4      | Reached XP level 6. HP: 44/53 MP: 8/8
  3165 | Temple   | Entered the Ecumenical Temple
  3851 | D:4      | Noticed Menkaure
  3858 | D:4      | HP: 1/53 [Menkaure (12)]
  3860 | D:4      | Killed Menkaure
  3861 | D:4      | Reached XP level 7. HP: 2/60 MP: 10/10
  4643 | D:5      | Entered Level 5 of the Dungeon
  5267 | D:5      | Reached XP level 8. HP: 50/67 MP: 12/12
  5956 | D:5      | Noticed Grinder
  5970 | D:5      | Paralysed by Grinder for 5 turns
  5980 | D:5      | Killed Grinder
  6755 | D:6      | Found Ykojubry's Firing Range.
  6843 | D:6      | Reached XP level 9. HP: 64/73 MP: 14/14
  6898 | D:6      | Found Dupe's Weapon Boutique.
  7611 | D:6      | Noticed a troll
  7739 | D:6      | Slain by a troll

Illustrated notes

Levels and vault maps discovered:
D:1:      minmay_arrival_stair_chambers, layout_loops_ring
D:2:      layout_basic
D:3:      layout_rooms, glass_columns_b, kennysheep_generic_room_6
D:4:      layout_loops_ring, minmay_temple_entry_junction, serial_shops,
          nicolae_shop_advertising_works [nicolae_subvault_shop_adworks],
          chequers_ossuary_entry_cave, uniq_menkaure
D:5:      layout_rooms, uniq_grinder
D:6:      layout_gridville, serial_shops, shop, hangedman_decor_opposing,
          nicolae_shop_firing_range, uniq_blork_the_orc
Temple:   mainiacjoe_temple_circle_huts

Skill      XL: |  1  2  3  4  5  6  7  8  9 |
---------------+----------------------------+-----
Invocations    | 1 2 3 4 |  4.5
Short Blades   | 1 2 3 4 |  4.1
Long Blades    | 1 2 3 4 |  4.1
Maces & Flails | 1 2 3 4 |  4.1
Polearms       | 1 2 3 4 |  4.1
Staves         | 1 2 3 4 |  4.1
Ranged Weapons | 1 2 3 4 |  4.1
Throwing       | 1 2 3 4 |  4.1
Dodging        | 1 2 3 4 |  4.1
Stealth        | 1 2 3 4 |  4.1
Unarmed Combat | 1 2 3 4 |  4.1
Spellcasting   | 1 2 3 4 |  4.1
Evocations     | 1 2 3 4 |  4.1
Conjurations   | 1 2 3 |  3.4
Hexes          | 1 2 3 |  3.4
Summonings     | 1 2 3 |  3.4
Necromancy     | 1 2 3 |  3.4
Translocations | 1 2 3 |  3.4
Transmutations | 1 2 3 |  3.4
Fire Magic     | 1 2 3 |  3.4
Ice Magic      | 1 2 3 |  3.4
Air Magic      | 1 2 3 |  3.4
Earth Magic    | 1 2 3 |  3.4
Poison Magic   | 1 2 3 |  3.4
Axes           | 5 6 |  6.2
Fighting       | 7 |  7.8
Armour         | 7 |  7.8
Shields        | 7 |  7.8

Action                     |  1- 3 |  4- 6 |  7- 9 || total
---------------------------+-------+-------+-------++-------
  Melee: War axe           |    88 |   130 |   234 ||   452
         Bite              |     4 |    15 |    36 ||    55
  Throw: Stone             |       |       |     1 ||     1
    Use: Scroll            |     5 |     3 |       ||     8
         Potion            |       |       |     1 ||     1
 Armour: Scale mail        |    42 |    40 |    91 ||   173
  Dodge: Dodged            |    30 |    65 |   102 ||   197
  Block: Buckler           |    22 |    33 |    91 ||   146

Table legend: (Time is in decaauts)
 A = Elapsed time spent in this place.
 B = Non-inter-level travel time spent in this place.
 C = Inter-level travel time spent in this place.
 D = Time resting spent in this place.
 E = Time spent auto-exploring this place.
 F = Levels seen in this place.
 G = Mean time per level.
                   A        B        C        D        E       F      G
               +--------+--------+--------+--------+--------+-----+--------+
         Total |   7871 |   7422 |    449 |   3058 |   3065 |   7 | 1124.4 |
       Dungeon |   7536 |   7101 |    435 |   3058 |   2767 |   6 | 1256.0 |
        Temple |    335 |    321 |     14 |      0 |    298 |   1 |  335.0 |
               +--------+--------+--------+--------+--------+-----+--------+

Top non-repeatable levels by time:
     D:4: 2305 daAuts
     D:2: 1135 daAuts
     D:6: 1135 daAuts
     D:5: 1091 daAuts
     D:3: 1035 daAuts
     D:1: 833 daAuts
  Temple: 335 daAuts
